 Dungeon Crawl Stone Soup version 0.22-a0-398-g8bb545f (webtiles) character file.

283 Borgoz the Cudgeler (level 6, -1/38 HPs)
             Began as a Gargoyle Fighter on May 4, 2018.
             Was an Initiate of Ashenzari.
             Slain by an ogre
             ... wielding a +0 giant club
              (11 damage)
             ... on level 4 of the Dungeon.
             The game lasted 00:05:59 (2425 turns).

Borgoz the Cudgeler (Gargoyle Fighter)              Turns: 2425, Time: 00:06:00

Health: -1/38      AC: 11    Str: 20    XL:     6   Next: 28%
Magic:  6/6        EV:  7    Int:  8    God:    Ashenzari [......]
Gold:   148        SH:  9    Dex: 11    Spells: 5/5 levels left

rFire    . . .     SeeInvis .   a - +0 flail
rCold    . . .     Gourm    .   c - +0 shield (curse)
rNeg     + . .     Faith    .   b - +0 scale mail
rPois    ∞         Spirit   .   (no helmet)
rElec    +         Reflect  .   (no cloak)
rCorr    .         Harm     .   (no gloves)
MR       .....                  (no boots)
Stlth    ..........             (no amulet)
HPRegen  0.12/turn              e - ring of flight
MPRegen  0.10/turn              n - ring of poison resistance

@: no status effects
A: negative energy resistance 1, electricity resistance, unbreathing,
petrification resistance, rot immunity, AC +4
a: Curse Item, Renounce Religion, Evoke Flight


You were on level 4 of the Dungeon.
You worshipped Ashenzari.
Ashenzari was noncommittal.
You were hungry.

You visited 1 branch of the dungeon, and saw 4 of its levels.

You collected 148 gold pieces.

Inventory:

Hand Weapons
 a - a +0 flail (weapon)
Armour
 b - a +0 scale mail (worn)
 c - a cursed +0 shield (worn)
Jewellery
 e - a ring of flight (left hand)
 n - a ring of poison resistance (right hand)
 r - an uncursed amulet of magic regeneration
Wands
 s - a wand of flame (25)
Scrolls
 g - a scroll of immolation {unknown}
 i - a scroll of teleportation {unknown}
 j - 4 scrolls of identify {unknown}
 l - 2 scrolls of amnesia {unknown}
Potions
 d - a potion of might
 h - 2 potions of flight {unknown}
 k - a potion of haste {unknown}
 p - a potion of resistance
 q - a potion of cancellation {unknown}
Comestibles
 f - 6 rations


   Skills:
 + Level 4.1 Fighting
 * Level 5.1 Maces & Flails
 + Level 3.8 Armour
 + Level 0.7 Dodging
 + Level 4.0 Shields


You had 5 spell levels left.
You didn't know any spells.

Dungeon Overview and Level Annotations

Branches:
Dungeon (4/15)
 Temple: D:4-7

Altars:
Ashenzari
Nemelex Xobeh
Sif Muna
Trog

Shops:
D:4 =


Innate Abilities, Weirdness & Mutations

You are resistant to torment.
Your stone body is resilient. (AC +4)
You are immune to poison.
You resist negative energy. (rN+)
You are resistant to electric shocks. (rElec)
You can survive without breathing.
You are immune to petrification.
You are immune to rotting.


Message History

There is an open door here.
There is an open door here.
An ogre comes into view. It is wielding a giant club.
Found a scroll labeled WARAFA NUSTIBU.
You barely miss the ogre. The ogre hits you with a giant club.
You hit the ogre.
The ogre is lightly wounded.
The ogre hits you with a giant club.
You hit the ogre.
The ogre is moderately wounded.
The ogre hits you with a giant club!
You are too injured to fight recklessly!
You thump the ogre!
The ogre is severely wounded.
The ogre hits you with a giant club.
* * * LOW HITPOINT WARNING * * *
You hit the ogre but do no damage.
The ogre is severely wounded.
The ogre hits you with a giant club!
You die...

### ########## #..
....?.O@.#
#.###########.####
#................#
#####.#.###........#.#
........# ######...#.#
......### ###'#.#.#
.#..#.## #.'∩'.#.#
♣♣♣≈≈≈P### ##.#+#.#.##
#
♣♣♣≈P♣≈P♣♣##..#......##
.#


You could see an ogre.

Vanquished Creatures
  A scorpion (D:3)
  Jessica (D:3)
  Terence (D:2)
  A worker ant (D:4)
  9 adders
  An ooze (D:1)
  2 worms (D:2)
  2 giant cockroaches (D:2)
  9 goblins
  7 hobgoblins
  6 jackals (D:2)
  2 quokkas
  A ball python (D:1)
  7 bats
  3 frilled lizards
  11 kobolds
  8 rats
72 creatures vanquished.

Vanquished Creatures (others)
  3 plants (D:4)
3 creatures vanquished.

Grand Total: 75 creatures vanquished

Notes
Turn   | Place    | Note
-------+----------+-------------------------------------------
     0 | D:1      | Borgoz the Gargoyle Fighter began the quest for the Orb.
     0 | D:1      | Reached XP level 1. HP: 14/14 MP: 1/1
    86 | D:1      | Reached XP level 2. HP: 19/19 MP: 2/2
   910 | D:2      | Reached XP level 3. HP: 23/23 MP: 3/3
  1022 | D:2      | Reached skill level 3 in Maces & Flails
  1025 | D:2      | Reached XP level 4. HP: 18/29 MP: 4/4
  1461 | D:2      | Noticed Terence
  1471 | D:2      | Killed Terence
  1471 | D:2      | Reached skill level 4 in Maces & Flails
  1471 | D:2      | Reached XP level 5. HP: 33/33 MP: 5/5
  1566 | D:2      | Found a sparkling altar of Nemelex Xobeh.
  1718 | D:3      | Found a shattered altar of Ashenzari.
  1720 | D:3      | Noticed Jessica
  1727 | D:3      | Killed Jessica
  1735 | D:3      | Became a worshipper of Ashenzari the Shackled
  1772 | D:3      | Found a deep blue altar of Sif Muna.
  1847 | D:3      | Found a bloodstained altar of Trog.
  1908 | D:3      | Reached XP level 6. HP: 27/38 MP: 6/6
  2073 | D:3      | Found a faded altar of an unknown god.
  2136 | D:4      | Reached skill level 5 in Maces & Flails
  2200 | D:4      | Found Tuopp's Jewellery Boutique.
  2425 | D:4      | Slain by an ogre

Vault maps used:
D:1:      erik_arrival_triangle_large, minmay_misc_feat_roman
D:2:      lemuel_doored_altar, minmay_crystal_water, minmay_misc_feat_alley,
          serial_bayou_pond_b, uniq_terence
D:3:      ashenzari_altar_1, bloody_trog, led_sif_pool,
          chequers_ecumenical_altar_island, uniq_jessica
D:4:      kennysheep_ying_yang, first_ration, serial_shops,
          nicolae_shop_behind_doors, minivault_14, serial_bayou_lake_a

Skill      XL: |  1  2  3  4  5  6 |
---------------+-------------------+-----
Maces & Flails | 3 4 5 |  5.1
Fighting       | 4 |  4.1
Shields        | 4 |  4.0
Armour         | |  3.8
Dodging        | |  0.7

Action                   |  1- 3 |  4- 6 || total
-------------------------+-------+-------++-------
Melee: Flail             |   142 |   186 ||   328
Invok: Curse Item        |       |     1 ||     1
  Eat: Chunk             |     1 |     4 ||     5
Armor: Scale mail        |    74 |    90 ||   164
Dodge: Dodged            |    53 |    69 ||   122
Block: Shield            |    83 |   103 ||   186

Table legend:
 A = Spawn XP
 B = Non-spawn XP
 C = Spawn XP percentage of total XP
 D = Spawn monster count
 E = Non-spawn monster count
 F = Spawn count percentage of total count
 G = Total turns spent on level
                    A         B        C        D         E        F      G
               +---------+---------+-------+---------+---------+-------+---------
         Total |       0 |     405 |   0.0 |       0 |      72 |   0.0 |  2425
               +---------+---------+-------+---------+---------+-------+---------
           D:1 |       0 |      33 |   0.0 |       0 |      19 |   0.0 |   897
           D:2 |       0 |     155 |   0.0 |       0 |      39 |   0.0 |   821
           D:3 |       0 |     159 |   0.0 |       0 |      11 |   0.0 |   394
           D:4 |       0 |      58 |   0.0 |       0 |       3 |   0.0 |   313
               +---------+---------+-------+---------+---------+-------+---------
